 Dungeon Crawl Stone Soup version 0.18.1-6-gd335043 (webtiles) character file.

199443 M4edhros the Fencer (level 19, -2/151 HPs)
             Began as a Formicid Fighter on May 18, 2016.
             Was the Champion of Ru.
             Slain by the 27-headed Lernaean hydra (4 damage)
             ... on level 4 of the Swamp on May 19, 2016.
             The game lasted 01:38:41 (32577 turns).

M4edhros the Fencer (Formicid Fighter)             Turns: 32577, Time: 01:38:42

Health: -2/151     AC: 24    Str: 37    XL:     19   Next: 18%
Magic:  6/19       EV: 18    Int:  9    God:    Ru [******]
Gold:   2265       SH: 20    Dex: 18    Spells: 1 memorised, 15 levels left

rFire  + . .     SeeInvis +     G - +10 demon blade of Yqailekk {vamp, Fragile rPois Str+10}
rCold  + + .     Gourm    .     s - +4 troll leather armour {Purgy}
rNeg   . . .     Faith    .     V - +0 shield {rC+}
rPois  +         Spirit   .     (helmet unavailable)
rElec  +         Dismiss  .     J - +0 cloak of Xoineff {Str+4}
rCorr  .         Reflect  +     o - +0 pair of gloves {rC+}
SustAt .         Harm     .     j - +2 pair of boots
MR     ++...                    p - +5 amulet of reflection
Stlth  ..........               A - ring of Ukoega {Fire +Blink MR+ Dex+3}
                                i - +3 ring of protection

@: exhausted, heavily drained, invisible, very resistant to hostile
enchantments, extremely unstealthy
A: permanent stasis, dig shafts and tunnels, four strong arms, antennae 3, rough
black scales 2, thin skeletal structure 1, cold resistance 1, shaggy fur 1,
electricity resistance, evolution 1, no device heal 1, no stealth, inability to
use devices, hated by all, inability to train armour, MP-powered wands, missing
an eye
a: Dig, Shaft Self, Draw Out Power, Power Leap, Apocalypse, Renounce Religion
}: 1/15 runes: gossamer


You were on level 4 of the Swamp.
You worshipped Ru.
Ru was exalted by your worship.
You were hungry.

You visited 6 branches of the dungeon, and saw 32 of its levels.
You also visited: Labyrinth, Ossuary and Ice Cave.

You collected 3214 gold pieces.
You spent 949 gold pieces at shops.

Inventory:

Hand Weapons
 G - the +10 demon blade of Yqailekk (weapon) {vamp, Fragile rPois Str+10}
   (You found it in an ice cave)

   It inflicts no extra harm, but heals its wielder somewhat when it strikes a
   living foe.
   It affects your strength (+10).
   It protects you from poison.
   It will be destroyed if unequipped.
 N - a +9 triple sword of holy wrath
 R - a +4 antimagic glaive
 W - a +0 blowgun
Missiles
 d - 5 throwing nets
 n - 3 poisoned javelins (quivered)
 Y - 6 curare-tipped needles
Armour
 j - a +2 pair of boots (worn)
 o - a +0 pair of gloves of cold resistance (worn)
 s - a +4 troll leather armour (worn) {Purgy}
 J - the +0 cloak of Xoineff (worn) {Str+4}
   (You acquired it on level 4 of the Spider Nest)

   It affects your strength (+4).
 V - a +0 shield of cold resistance (worn)
Jewellery
 i - a +3 ring of protection (left hand)
 p - a +5 amulet of reflection (around neck)
 A - the ring of Ukoega (right hand) {Fire +Blink MR+ Dex+3}
   (You found it in an ice cave)

   [ring of fire]

   It enhances your fire magic, and weakens your ice magic.
   It affects your dexterity (+3).
   It protects you from fire.
   It makes you vulnerable to cold.
   It affects your resistance to hostile enchantments.
   It lets you blink.
 C - the ring of Mistrust {rElec rF+}
   (You found it in a labyrinth)

   [ring of protection from fire]

   It protects you from fire.
   It insulates you from electricity.
Scrolls
 e - 4 scrolls of vulnerability
 k - 4 scrolls of fog
 u - 6 scrolls of magic mapping
 v - 2 scrolls of amnesia
 y - 2 scrolls of immolation
 E - 2 scrolls of enchant weapon
 H - 2 scrolls of silence
 I - a scroll of identify
 K - 10 scrolls of fear
 P - 7 scrolls of remove curse
 S - a scroll of enchant armour
 U - a scroll of holy word
 X - a scroll of brand weapon
 Z - 2 scrolls of torment
Potions
 c - a potion of cure mutation
 m - 11 potions of heal wounds
 q - 3 potions of flight
 r - 19 potions of curing
 w - 2 potions of lignification
 x - 6 potions of brilliance
 B - 2 potions of resistance
 D - 3 potions of ambrosia
 F - 2 potions of agility
Books
 M - the Tome of Supportive Beguiling
   (You found it on level 8 of the Lair of Beasts)

   Spells                             Type                      Level
   a - Confusing Touch                Hexes                        2
   b - Recall                         Summoning/Translocation      3
   c - Cause Fear                     Hexes                        4
   d - Summon Hydra                   Summoning                    7
 Q - a book of Unlife

   Spells                             Type                      Level
   a - Recall                         Summoning/Translocation      3
   b - Animate Dead                   Necromancy                   4
   c - Control Undead                 Necromancy                   4
   d - Cigotuvi's Embrace             Necromancy                   5
   e - Death Channel                  Necromancy                   6
   f - Simulacrum                     Ice/Necromancy               6
 T - a book of Summonings

   Spells                             Type                      Level
   a - Recall                         Summoning/Translocation      3
   b - Aura of Abjuration             Summoning                    5
   c - Summon Demon                   Summoning                    5
   d - Summon Forest                  Summoning/Translocation      5
   e - Summon Mana Viper              Hexes/Summoning              5
   f - Shadow Creatures               Summoning                    6
Comestibles
 f - 10 bread rations
 g - a meat ration
 h - 30 fruits
 l - 8 beef jerkies
 t - 6 royal jellies
 L - 4 slices of pizza


   Skills:
 - Level 13.7(10.5) Fighting
 + Level 17.1(13.7) Long Blades
 - Level 14.9(11.7) Polearms
 - Level 10.9(8.0) Dodging
 - Level 15.4(12.1) Shields
 - Level 6.8(4.2) Charms
 - Level 6.6(3.9) Necromancy


You had 15 spell levels left.
You knew the following spells:

 Your Spells              Type           Power        Failure   Level  Hunger
a - Regeneration          Chrm/Necr      #.........   28%         3    ####...


Dungeon Overview and Level Annotations

Branches:
Dungeon (13/15)            Temple (1/1) D:5            Lair (8/8) D:11
  Swamp (4/4) Lair:6       Spider (4/4) Lair:6        Slime (0/6) Lair:8
    Orc (2/2) D:10            Elf (0/3) Orc:2        Vaults (0/5) D:13

Altars:
Ashenzari
Cheibriados
Dithmenos
Elyvilon
Fedhas
Gozag
Kikubaaqudgha
Makhleb
Nemelex Xobeh
Okawaru
Pakellas
Qazlal
Ru
Sif Muna
Trog
Vehumet
Xom
Yredelemnul
Zin
The Shining One
Beogh

Shops:
D:6 =   D:9 =   D:11 *   Orc:2 [*(*

Annotations:
D:4 Natasha
Swamp:4 Lernaean hydra
Abyss:1 Louise


Innate Abilities, Weirdness & Mutations

You are under a permanent stasis effect.
You can dig through walls and to a lower floor.
Your four strong arms can wield two-handed weapons with a shield.
You have a pair of large antennae on your head (SInv).
You cannot be stealthy.
You cannot study or use magical devices.
You are hated by all.
You cannot train Armour skill.
You are missing an eye, making it more difficult to aim.
You are mostly covered in rough black scales (AC +7, Dex -2).
You have a somewhat thin skeletal structure (Dex +2, Stealth).
Your flesh is cold resistant.
You are covered in fur (AC +1).
You are resistant to electric shocks.
You evolve.
Potions and wands are less effective at restoring your health.
You expend magic power (3 MP) to strengthen your wands.


Message History

Okay, then.
Unknown command.
Drink which item? (? for menu, Esc to quit)
You fade into invisibility!
You block the five-headed hydra's attack. x3
The five-headed hydra bites you!
* * * LOW HITPOINT WARNING * * *
The five-headed hydra bites you but does no damage.
You block the 27-headed Lernaean hydra's attack. x2
The 27-headed Lernaean hydra bites you!
* * * LOW HITPOINT WARNING * * *
The 27-headed Lernaean hydra completely misses you.
The 27-headed Lernaean hydra bites you but does no damage. x2
The 27-headed Lernaean hydra bites you.
* * * LOW HITPOINT WARNING * * *
The 27-headed Lernaean hydra bites you but does no damage.
The 27-headed Lernaean hydra barely misses you.
The 27-headed Lernaean hydra bites you but does no damage. x2
The 27-headed Lernaean hydra bites you.
You die...

♣♣♣♣♣♣ ♣ ♣♣♣♣♣♣♣≈.≈≈♣♣♣ ≈
♣≈)♣.≈≈.≈≈≈≈≈♣♣ §
♣♣.≈.≈≈≈≈≈≈...♣♣ . ♣♣♣
♣♣...≈.≈≈≈....♣♣♣♣ .
♣.♣♣♣♣≈<≈≈≈♣....≈.≈.≈♣
♣.♣♣..♣...♣♣♣...≈.≈≈.♣♣ ♣♣♣
♣♣≈.....≈≈.♣♣♣D@≈≈....♣♣♣♣♣♣♣≈♣♣
♣...≈≈≈≈≈≈.♣≈D.≈≈≈≈≈.....♣♣≈{.♣
♣.≈≈≈≈≈≈≈≈≈...§≈≈.≈≈.....♣≈≈≈≈{
♣♣.≈≈≈≈≈≈≈≈.♣.≈≈≈♣♣.≈♣♣♣♣♣≈≈≈≈≈
♣♣.≈≈≈≈§.[...≈≈≈≈♣♣♣♣♣♣♣♣.....
♣♣§.≈≈≈..♣♣.≈.≈≈≈♣♣♣....♣♣♣.♣♣♣
♣♣≈≈...♣♣♣♣.≈≈≈..≈♣♣≈≈≈≈≈≈≈..≈♣♣
♣♣.≈♣♣♣♣♣♣♣♣.≈≈≈...≈♣.≈≈≈≈≈≈.≈.≈♣
♣..D.♣♣≈≈≈..♣♣≈.≈≈..≈..≈≈{≈≈...≈♣


You could see the 27-headed Lernaean hydra and a five-headed hydra.

Vanquished Creatures
  Mara (Swamp:3)
  Gastronok (Lair:2)
  3 thorn hunters
  Kirke (Lair:5)
  The ghost of George the Fencer, a journeyman MiFi of the Shining One (Orc:2)
  5 ghost moths
  Maud (Lair:5)
  2 emperor scorpions (Spider:4)
  The ghost of Denapoli the Devastator, a journeyman DECj of Vehumet (Spider:1)
  5 spark wasps
  15 hydras
  Harold (Lair:3)
  4 entropy weavers
  Fannar (Orc:1)
  A ghost crab (Swamp:4)
  A centaur warrior (D:11)
  2 catoblepae (Lair:8)
  20 death yaks
  8 alligators
  A deep troll shaman (Lair:8)
  Urug (Orc:2)
  5 orc high priests (Orc:2)
  3 spriggans
  A fire crab (Lair:7)
  3 unseen horrors
  9 swamp dragons
  The ghost of Uhlv the Ruffian, a novice TrMo of Okawaru (D:6)
  5 hill giants
  A spriggan druid (Swamp:4)
  A necromancer (D:13)
  8 orc knights
  Pikel (D:4)
  2 lindwurms
  27 wolf spiders
  A griffon (D:11)
  12 orb spiders
  A deep elf mage (D:13)
  2 orc sorcerers (Orc:2)
  An ugly thing (D:12)
  A cyclops (D:11)
  A moth of wrath (Spider:4)
  6 hornets
  An ice statue (IceCv)
  3 elephants (Lair:8)
  4 black mambas
  2 gargoyles
  23 spiny frogs
  3 torpor snails
  14 komodo dragons
  A freezing wraith (D:11)
  3 rime drakes
  8 ice devils (IceCv)
  8 demonic crawlers
  29 jumping spiders
  4 trolls
  3 polar bears
  A minotaur zombie (Lab)
  2 two-headed ogres
  6 slime creatures (Swamp:3)
  Prince Ribbit (D:6)
  5 giant leeches
  4 bog bodies
  3 boulder beetles
  18 blink frogs
  4 shadows
  38 tarantellas
  4 humans (Lair:5)
  A wraith (D:11)
  37 yaks
  5 wyverns
  62 redbacks
  2 basilisks
  2 hungry ghosts
  A hog (Lair:5)
  12 vampire mosquitoes
  4 wargs
  13 swamp worms
  9 hippogriffs
  A soldier ant (D:8)
  Menkaure (D:4)
  Edmund (D:6)
  13 swamp drakes
  Purgy (D:4)
  8 water moccasins
  9 porcupines
  47 orc warriors
  3 sky beasts
  3 black bears
  4 ice beasts
  An eye of draining (D:10)
  2 phantoms
  11 wasps
  13 ogres
  18 wolves
  7 centaurs
  A necrophage (D:9)
  14 crocodiles
  5 big kobolds
  2 elf zombies (Ossuary)
  Blork the orc (Orc:2)
  18 giant frogs
  A wyvern zombie (D:11)
  8 scorpions
  12 killer bees
  8 wights
  3 electric eels
  6 howler monkeys
  18 jellies
  8 crimson imps
  5 giant frog zombies
  3 quasits
  2 centaur zombies
  2 giant frog skeletons
  4 centaur skeletons
  22 orc wizards
  40 orc priests
  4 hounds
  15 iguanas
  Jessica (D:2)
  Natasha (twice) (D:4)
  9 worker ants
  19 sheep
  A killer bee zombie (D:5)
  2 hound zombies
  3 hound skeletons
  5 mummies
  Robin (D:2)
  11 gnolls
  A howler monkey skeleton (D:10)
  13 adders
  43 river rats
  3 shadow imps
  7 white imps (IceCv)
  9 ufetubi (IceCv)
  4 oozes
  3 adder skeletons
  5 worms
  7 giant geckos
  80 orcs
  5 ball pythons
  11 bats
  12 giant cockroaches
  12 goblins
  10 hobgoblins
  2 jackals (D:4)
  23 kobolds
  8 quokkas
  A giant gecko skeleton (D:8)
  6 giant newts
  3 goblin zombies (Ossuary)
  A hobgoblin zombie (Ossuary)
  A jackal zombie (Ossuary)
  2 kobold zombies
  3 orc zombies
  8 rats
  5 bushes (Lair:8)
  6 fungi
  10 plants
1211 creatures vanquished.

Vanquished Creatures (others)
  A minotaur (Lab)
  2 hydras
  A death yak (Lair:8)
  An alligator (Swamp:3)
  A hill giant (D:10)
  An ugly thing (D:11)
  2 wolf spiders (Spider:4)
  A cyclops (D:12)
  A spiny frog (Lair:7)
  A gargoyle (D:13)
  A komodo dragon (Lair:7)
  2 blink frogs
  3 yaks
  A swamp worm (Swamp:2)
  A water moccasin (Lair:8)
  A porcupine (Lair:5)
  A swamp drake (Swamp:2)
  An orc warrior (Orc:2)
  2 wolves
  2 ogres
  A centaur (D:12)
  2 crocodiles (Lair:7)
  2 killer bees
  A crimson imp (D:13)
  An orc priest (Orc:2)
  2 orc wizards
  A worker ant (D:4)
  A sheep (Lair:5)
  A hound zombie (D:11)
  A howler monkey zombie (D:11)
  An adder (D:8)
  2 river rats
  An ufetubus (IceCv)
  5 orcs
  2 goblins (D:2)
  3 kobolds (D:10)
  A jackal zombie (Ossuary)
  22 fungi
  9 plants
  5 toadstools (Swamp:2)
91 creatures vanquished.

Grand Total: 1302 creatures vanquished

Notes
Turn   | Place    | Note
--------------------------------------------------------------
     0 | D:1      | M4edhros the Formicid Fighter began the quest for the Orb.
     0 | D:1      | Reached XP level 1. HP: 18/18 MP: 1/1
    35 | D:1      | Reached XP level 2. HP: 21/24 MP: 2/2
   346 | D:1      | Reached XP level 3. HP: 29/29 MP: 3/3
   721 | D:1      | Reached XP level 4. HP: 35/35 MP: 4/4
  1040 | D:2      | Noticed Jessica
  1060 | D:2      | Gained mutation: You have a somewhat thin skeletal structure (Dex +2, Stealth). [potion of mutation]
  1060 | D:2      | Gained mutation: You expend magic power (3 MP) to strengthen your wands. [potion of mutation]
  1060 | D:2      | Gained mutation: You have an increased reservoir of magic (+10% MP). [potion of mutation]
  1064 | D:2      | Killed Jessica
  1064 | D:2      | Reached skill level 5 in Shields
  1163 | D:2      | Reached XP level 5. HP: 37/41 MP: 5/5
  1490 | D:4      | Noticed Natasha
  1507 | D:4      | Killed Natasha
  1517 | D:4      | Noticed Natasha
  1811 | D:4      | Noticed Purgy
  1824 | D:4      | Killed Purgy
  1824 | D:4      | Reached XP level 6. HP: 37/47 MP: 6/6
  1904 | D:5      | Entered Level 5 of the Dungeon
  1930 | D:5      | Reached skill level 5 in Polearms
  2014 | D:5      | Reached XP level 7. HP: 52/52 MP: 7/7
  2200 | D:6      | Noticed Edmund
  2238 | D:6      | Killed Edmund
  2238 | D:6      | Reached XP level 8. HP: 27/58 MP: 8/8
  2271 | D:6      | Noticed Uhlv's ghost (novice TrMo)
  2620 | D:5      | Found a staircase to the Ecumenical Temple.
  2625 | Temple   | Entered the Ecumenical Temple
  2659 | Temple   | Became a worshipper of Ru the Awakened
  2905 | D:3      | Noticed an air elemental
  2929 | D:3      | Found a stormy altar of Qazlal.
  2930 | D:3      | Noticed a fire elemental
  2930 | D:3      | Noticed a water elemental
  3057 | D:2      | Found a shattered altar of Ashenzari.
  3324 | D:4      | Killed Natasha
  3676 | D:6      | Reached XP level 9. HP: 64/64 MP: 9/9
  3787 | D:7      | Found a shimmering altar of Xom.
  3799 | D:7      | Found a shimmering altar of Xom.
  3808 | D:7      | Reached skill level 10 in Shields
  3810 | D:7      | Found a shimmering altar of Xom.
  3812 | D:7      | Found a shimmering altar of Xom.
  3839 | D:7      | Gained mutation: You are missing an eye, making it more difficult to aim. [Ru sacrifice]
  4027 | D:7      | Found a sand-covered staircase.
  4034 | Ossuary  | Entered an ossuary
  4643 | D:7      | Noticed a fire crab
  4647 | D:7      | Noticed a salamander
  4647 | D:7      | a hippogriff changed into a salamander
  4672 | D:7      | Noticed a mana viper
  4673 | D:7      | Noticed an unseen horror
  4755 | D:7      | Noticed a fire crab
  4755 | D:7      | an unseen horror changed into a fire crab
  4758 | D:7      | Noticed a swamp dragon
  4758 | D:7      | a fire crab changed into a swamp dragon
  4911 | D:9      | Noticed a troll
  4976 | D:9      | Killed a troll
  4976 | D:9      | Reached skill level 1 in Dodging
  4993 | D:9      | Reached XP level 10. HP: 46/70 MP: 11/11
  5073 | D:9      | Found Wasick's Jewellery Boutique.
  5113 | D:9      | Gained mutation: You cannot study or use magical devices. [Ru sacrifice]
  5113 | D:9      | Reached * piety under Ru
  5113 | D:9      | Reached ** piety under Ru
  5113 | D:9      | Reached *** piety under Ru
  5113 | D:9      | Reached **** piety under Ru
  5421 | D:9      | Noticed a gargoyle
  5444 | D:9      | Killed a gargoyle
  6441 | D:8      | Found a shadowy altar of Dithmenos.
  6480 | D:8      | Reached skill level 10 in Polearms
  6620 | D:7      | Noticed a cyclops
  6997 | D:6      | Noticed Prince Ribbit
  7019 | D:6      | Killed Uhlv's ghost
  7123 | D:6      | Killed Prince Ribbit
  7276 | D:6      | Found Jemu's Jewellery Emporium.
  7426 | D:7      | Noticed an orb spider
  7470 | D:9      | Bought a +5 amulet of reflection for 350 gold pieces
  7685 | D:9      | Reached XP level 11. HP: 52/75 MP: 12/12
  7698 | D:9      | Reached skill level 5 in Dodging
  8142 | D:5      | Gained mutation: You cannot train Armour skill. [Ru sacrifice]
  8142 | D:5      | Reached ***** piety under Ru
  8179 | D:5      | Gained mutation: Your flesh is cold resistant. [mutagenic meat]
  8180 | D:5      | Gained mutation: Your spells are a little harder to cast, but a little more powerful. [mutagenic meat]
  8181 | D:5      | Gained mutation: You are agile. (Dex +2) [mutagenic meat]
  8182 | D:5      | Lost mutation: You have an increased reservoir of magic (+10% MP). [mutagenic meat]
  8558 | D:4      | Noticed Natasha
  8678 | D:4      | Noticed Menkaure
  8683 | D:4      | Killed Menkaure
  8763 | D:4      | Noticed Pikel
  8788 | D:4      | Killed Pikel
  9571 | D:2      | Noticed Robin
  9576 | D:2      | Killed Robin
 10159 | D:10     | Entered Level 10 of the Dungeon
 10413 | D:10     | Noticed a hill giant
 10453 | D:10     | Killed a hill giant
 11109 | D:10     | Found a staircase to the Orcish Mines.
 11167 | D:10     | Noticed a hill giant
 11453 | D:10     | Killed a hill giant
 11459 | D:10     | Gained mutation: You cannot be stealthy. [Ru sacrifice]
 12062 | D:11     | Noticed an eight-headed hydra
 12099 | D:11     | HP: 3/75 [eight-headed hydra (15)]
 12114 | D:12     | Noticed a hill giant
 12114 | D:12     | Noticed a green ugly thing
 12151 | D:12     | Killed a purple ugly thing
 12155 | D:12     | Reached skill level 10 in Dodging
 12155 | D:12     | Reached XP level 12. HP: 48/81 MP: 12/12
 12218 | D:12     | Reached XP level 13. HP: 38/86 MP: 13/13
 12239 | D:12     | Gained mutation: Potions and wands are less effective at restoring your health. [mutagenic meat]
 12483 | D:12     | Found a shattered altar of Ashenzari.
 13704 | D:13     | Reached skill level 5 in Fighting
 13717 | D:13     | Gained mutation: You are hated by all. [Ru sacrifice]
 13717 | D:13     | Reached ****** piety under Ru
 13759 | D:13     | Found a gate to the Vaults.
 13828 | D:13     | Noticed a four-headed hydra
 13833 | D:13     | Killed a four-headed hydra
 13860 | D:13     | Gained mutation: You are somewhat resistant to further mutation. [mutagenic meat]
 13861 | D:13     | Gained mutation: Your body sometimes deteriorates upon taking damage. [mutagenic meat]
 14287 | D:11     | Found a staircase to the Lair.
 14304 | D:11     | Noticed a six-headed hydra
 14306 | D:11     | Noticed a centaur warrior
 14317 | D:11     | Killed a centaur warrior
 14349 | D:11     | Found Livil's Assorted Antiques.
 14356 | D:11     | Killed a six-headed hydra
 14375 | D:11     | Reached skill level 15 in Shields
 14449 | D:11     | Bought a scroll labeled EFESEP DOHIDD for 29 gold pieces
 14996 | Lair:1   | Entered Level 1 of the Lair of Beasts
 15059 | Lair:1   | Reached XP level 14. HP: 87/105 MP: 14/14
 16159 | Lair:2   | Noticed Gastronok
 16213 | Lair:2   | Killed Gastronok
 16518 | Lair:2   | Learned a level 3 spell: Regeneration
 16771 | Lair:3   | Noticed Harold
 16824 | Lair:3   | Killed Harold
 16851 | Lair:3   | Found a shattered altar of Ashenzari.
 17123 | Lair:3   | Reached skill level 1 in Charms
 17123 | Lair:3   | Reached skill level 1 in Necromancy
 17423 | Lair:3   | Reached skill level 10 in Fighting
 17435 | Lair:3   | nice dancing with hydra...
 17762 | Lair:3   | Got an ancient emerald amulet
 19468 | Lair:5   | Noticed Maud
 19478 | Lair:5   | Found a frozen archway.
 19490 | Lair:5   | Killed Maud
 19490 | Lair:5   | Reached XP level 15. HP: 119/119 MP: 1/15
 19506 | Lair:5   | Identified the amulet "Nosuen" {Inacc rF- Dex+6} (You found it on level 3 of the Lair of Beasts)
 19517 | IceCv    | Entered an ice cave
 19815 | IceCv    | Got a sparkling silver ring
 19833 | IceCv    | Got an ancient demon blade
 19939 | Lair:5   | Identified the ring of Ukoega {Fire +Blink MR+ Dex+3} (You found it in an ice cave)
 20292 | Lair:5   | Noticed Kirke
 20310 | Lair:5   | Killed Kirke
 20634 | Lair:6   | Found a staircase to the Swamp.
 20725 | Lair:6   | Got a crude leather armour
 20757 | Lair:6   | Found a hole to the Spider Nest.
 21195 | Lair:7   | Reached skill level 5 in Necromancy
 21195 | Lair:7   | Reached skill level 5 in Charms
 21489 | Lair:7   | Found a glowing golden altar of the Shining One.
 22005 | Lair:8   | Entered Level 8 of the Lair of Beasts
 22239 | Lair:8   | Found a staircase to the Slime Pits.
 22557 | Lair:8   | Reached XP level 16. HP: 105/130 MP: 12/16
 23116 | Lair:8   | Identified the Tome of Supportive Beguiling
 23122 | Lair:8   | Identified the +10 demon blade of Yqailekk {vamp, Fragile rPois Str+10} (You found it in an ice cave)
 23123 | Lair:8   | just found this beauty, +10 demon blade vamp 10str
 23536 | Orc:1    | Entered Level 1 of the Orcish Mines
 23621 | Orc:1    | Reached skill level 1 in Long Blades
 23671 | Orc:1    | Noticed Fannar
 23687 | Orc:1    | Killed Fannar
 23687 | Orc:1    | Reached skill level 2 in Long Blades
 24059 | Orc:2    | Entered Level 2 of the Orcish Mines
 24059 | Orc:2    | Noticed George's ghost (journeyman MiFi)
 24088 | Orc:2    | Killed George's ghost
 24088 | Orc:2    | Reached skill level 3 in Long Blades
 24094 | Orc:2    | Noticed Blork the orc
 24102 | Orc:2    | Killed Blork the orc
 24105 | Orc:2    | Noticed Urug
 24133 | Orc:2    | Reached skill level 4 in Long Blades
 24139 | Orc:2    | Killed Urug
 24178 | Orc:2    | Found a labyrinth entrance.
 24229 | Orc:2    | Found a roughly hewn altar of Beogh.
 24232 | Lab      | Entered a labyrinth
 24355 | Lab      | Reached skill level 5 in Long Blades
 24358 | Lab      | Got a scintillating lapis lazuli ring
 24359 | Lab      | Got a crude leather armour
 24359 | Lab      | Got a shimmering ring mail
 24361 | Lab      | Identified the ring of Mistrust {rElec rF+} (You found it in a labyrinth)
 24404 | Orc:2    | Identified the cursed +1 leather armour "Mufrowk" {rF++} (You found it on level 6 of the Lair of Beasts)
 24415 | Orc:2    | Identified the +2 leather armour of a bazaar {Dex+2} (You found it in a labyrinth)
 24426 | Orc:2    | Identified the +2 ring mail "Leticirr" {+Blink Stlth+} (You found it in a labyrinth)
 24678 | Orc:2    | Found a staircase to the Elven Halls.
 24839 | Orc:2    | Reached skill level 6 in Long Blades
 24977 | Orc:2    | Reached skill level 7 in Long Blades
 25361 | Orc:2    | Found Fonakoiq's Armour Emporium.
 25364 | Orc:2    | Found Xuaryk's Assorted Antiques.
 25365 | Orc:2    | Found Neaz's Assorted Antiques.
 25366 | Orc:2    | Found Olintul's Antique Weapon Shoppe.
 25369 | Orc:2    | Bought a scroll labeled TUTOJU COJEZXY for 22 gold pieces
 25369 | Orc:2    | Bought a scroll of identify for 44 gold pieces
 25391 | Orc:2    | Bought a scroll of fog for 44 gold pieces
 25392 | Orc:2    | Bought a scroll of fog for 80 gold pieces
 25392 | Orc:2    | Bought a runed glaive for 260 gold pieces
 25392 | Orc:2    | Bought a potion of curing for 120 gold pieces
 25676 | Lair:6   | Reached skill level 8 in Long Blades
 25973 | Spider:1 | Entered Level 1 of the Spider Nest
 26096 | Spider:1 | Noticed Denapoli's ghost (journeyman DECj)
 26102 | Spider:1 | Killed Denapoli's ghost
 26102 | Spider:1 | Reached skill level 9 in Long Blades
 26184 | Spider:1 | Reached XP level 17. HP: 138/138 MP: 17/17
 26762 | Spider:1 | Reached skill level 10 in Long Blades
 27494 | Spider:2 | Reached skill level 11 in Long Blades
 28133 | Spider:3 | Reached skill level 12 in Long Blades
 28892 | Spider:4 | Entered Level 4 of the Spider Nest
 28989 | Spider:4 | Identified 4 scrolls of acquirement
 28990 | Spider:4 | Lost mutation: You are somewhat resistant to further mutation. [potion of cure mutation]
 28990 | Spider:4 | Lost mutation: Your body sometimes deteriorates upon taking damage. [potion of cure mutation]
 28990 | Spider:4 | Lost mutation: Your spells are a little harder to cast, but a little more powerful. [potion of cure mutation]
 28990 | Spider:4 | Lost mutation: You are agile. (Dex +2) [potion of cure mutation]
 28994 | Spider:4 | Got a steaming triple sword
 29010 | Spider:4 | Got a twisted cloak
 29031 | Spider:4 | Identified the +0 cloak of Xoineff {Str+4} (You acquired it on level 4 of the Spider Nest)
 29034 | Spider:4 | Identified the +0 triple sword "Hameneug" {freeze, rPois MP+9} (You acquired it on level 4 of the Spider Nest)
 29092 | Spider:4 | Reached skill level 13 in Long Blades
 29102 | Spider:4 | Gained mutation: You passively map a small area around you. [mutagenic meat]
 29103 | Spider:4 | Gained mutation: You are covered in fur (AC +1). [mutagenic meat]
 29104 | Spider:4 | Lost mutation: Potions and wands are less effective at restoring your health. [mutagenic meat]
 29105 | Spider:4 | Gained mutation: You have sharp toenails. [mutagenic meat]
 29211 | Spider:4 | Reached XP level 18. HP: 70/145 MP: 15/18
 29401 | Spider:4 | Lost mutation: You passively map a small area around you. [mutagenic meat]
 29403 | Spider:4 | Gained mutation: Potions and wands are less effective at restoring your health. [mutagenic meat]
 29404 | Spider:4 | Gained mutation: You are resistant to hostile enchantments. [mutagenic meat]
 29572 | Spider:4 | Reached skill level 14 in Long Blades
 29624 | Spider:4 | Gained mutation: You are partially covered in rough black scales (AC +4, Dex -1). [mutagenic meat]
 29626 | Spider:4 | Lost mutation: You have sharp toenails. [mutagenic meat]
 29627 | Spider:4 | Lost mutation: You are resistant to hostile enchantments. [mutagenic meat]
 29628 | Spider:4 | Gained mutation: You evolve. [mutagenic meat]
 29648 | Spider:4 | Got a gossamer rune of Zot
 30039 | Swamp:1  | Entered Level 1 of the Swamp
 30459 | Swamp:1  | Reached skill level 15 in Long Blades
 30631 | Swamp:1  | Gained mutation: You are mostly covered in rough black scales (AC +7, Dex -2). [evolution]
 30984 | Swamp:2  | Gained mutation: You are resistant to electric shocks. [potion of beneficial mutation]
 31582 | Swamp:3  | Noticed Mara
 31589 | Swamp:3  | Noticed M4edhros's illusion
 31602 | Swamp:3  | Noticed M4edhros's illusion
 31612 | Swamp:3  | Killed Mara
 31612 | Swamp:3  | Reached skill level 16 in Long Blades
 31615 | Swamp:3  | Noticed Louise
 31618 | Swamp:3  | Banished Louise
 32226 | Swamp:4  | Entered Level 4 of the Swamp
 32469 | Swamp:4  | Reached XP level 19. HP: 149/151 MP: 15/19
 32481 | Swamp:4  | Noticed the 27-headed Lernaean hydra
 32509 | Swamp:4  | Reached skill level 17 in Long Blades
 32577 | Swamp:4  | HP: 3/151 [the 27-headed Lernaean hydra (13)]
 32577 | Swamp:4  | Slain by the 27-headed Lernaean hydra

Skill      XL: |  1  2  3  4  5  6  7  8  9 10 11 12 13 14 15 16 17 18 19 |
---------------+----------------------------------------------------------+-----
Shields        | 4 5 6 8 9 11 12 13 15 | 15.4
Polearms       | 3 4 5 6 7 9 10 11 12 13 14 | 14.9
Dodging        | 1 4 10 | 10.9
Armour         | 0 |  0.0
Fighting       | 8 11 13 | 13.7
Charms         | 3 6 |  6.8
Necromancy     | 3 6 |  6.6
Long Blades    | 9 13 16 17 | 17.1

Action                   |  1- 3 |  4- 6 |  7- 9 | 10-12 | 13-15 | 16-18 | 19-21 || total
-------------------------+-------+-------+-------+-------+-------+-------+-------++-------
Melee: Trident           |   103 |   162 |   439 |       |       |       |       ||   704
       Halberd           |       |       |   358 |  1115 |  2191 |    78 |       ||  3742
       Short sword       |       |       |       |    43 |       |       |       ||    43
       Demon blade       |       |       |       |       |     5 |  1670 |    48 ||  1723
 Cast: Regeneration      |       |       |       |       |       |     2 |       ||     2
Invok: Sacrifice an Eye  |       |       |     1 |       |       |       |       ||     1
       Draw Out Power    |       |       |       |     6 |       |       |       ||     6
       Sacrifice Artific |       |       |       |     1 |       |       |       ||     1
       Power Leap        |       |       |       |     6 |    41 |    28 |       ||    75
       Sacrifice Stealth |       |       |       |     1 |       |       |       ||     1
       Sacrifice Durabil |       |       |       |     1 |       |       |       ||     1
       Apocalypse        |       |       |       |       |     8 |     6 |     3 ||    17
       Sacrifice Love    |       |       |       |       |     1 |       |       ||     1
 Abil: Dig               |       |       |       |     5 |     3 |     6 |       ||    14
Evoke: Wand              |       |       |     3 |       |       |       |       ||     3
  Use: Potion            |       |     3 |     3 |    13 |     1 |     3 |     3 ||    26
       Scroll            |       |     7 |     6 |     2 |    12 |    23 |       ||    50
 Stab: Sleeping          |       |       |     6 |     6 |       |       |       ||    12
       Confused          |       |       |     1 |       |       |       |       ||     1
       Invisible         |       |       |       |    12 |    14 |    11 |     1 ||    38
       Distracted        |       |       |       |     7 |    20 |    15 |       ||    42
       Paralysed         |       |       |       |       |    30 |    28 |     9 ||    67
  Eat: Chunk             |       |     4 |     9 |    22 |    39 |    32 |       ||   106
       Beef jerky        |       |       |     1 |       |       |       |       ||     1
       Royal jelly       |       |       |       |     1 |     2 |     3 |       ||     6
       Meat ration       |       |       |       |     1 |     2 |     4 |       ||     7
       Pizza             |       |       |       |       |       |     1 |       ||     1
Armor: Scale mail        |    46 |     9 |       |       |       |       |       ||    55
       Robe              |       |    26 |       |       |       |       |       ||    26
       Troll leather arm |       |     8 |   252 |   157 |   211 |   293 |    42 ||   963
       Skin              |       |       |       |    23 |       |       |       ||    23
Dodge: Dodged            |    34 |    52 |   297 |   319 |   805 |  1033 |    31 ||  2571
Block: Shield            |    46 |    77 |   486 |   858 |  1655 |  1902 |    58 ||  5082
       Reflection        |       |       |       |    13 |    17 |    17 |     3 ||    50
       Buckler           |       |       |       |       |    39 |       |       ||    39
